AoeStats
← {WaZzU'P} Recluta4!

Black Forest

503711597Analyzed
3v3 RM · 1mo ago on Sep 1, 2026· 61m 36s· 6 players
Game mode
Random Map
Map size
Normal (6 player)
Population
200
Speed
Normal
Resources
Standard
Victory
Conquest
Starting age
Dark Age
Ending age
Imperial Age
RankedLock teamsTeams togetherTeam positionsShared explorationLock speedFull tech treeHidden civsTurbo modeCheats
Victory
Defeat
🇺🇸 Burmese · United States
1160
+14
🇻🇪 Italians · Venezuela
1075
+18
🇨🇭 Vietnamese · Switzerland
1071
+18
🇨🇦 Koreans · Canada
1115
-17
🇨🇦 Turks · Canada
1115
-17
🇨🇦 Bohemians · Canada
1115
-17
{WaZzU'P} GranPolo
0:36 Loom
11:10 Feudal Age
18:24 Castle Age
16:41 Double-Bit Axe
16:39 Horse Collar
19:44 Fletching
22:44 Ballistics
22:28 Padded Archer Armor
22:29 Gold Mining
23:09 Bodkin Arrow
29:33 Heavy Plow
33:19 Imperial Age
33:50 Leather Archer Armor
35:00 Chemistry
33:53 Town Watch
35:35 Wheelbarrow
35:01 Town Patrol
37:05 Hand Cart
39:11 Bracer
45:58 Ring Archer Armor
50:05 Elite Rattan Archer
53:24 Bow Saw
53:56 Crop Rotation
56:17 Siege Engineers
58:33 Two-Man Saw
58:20 Thumb Ring
{WaZzU'P} Recluta4!
11:00 Feudal Age
15:46 Castle Age
14:58 Horse Collar
16:53 Heavy Plow
20:55 Wheelbarrow
20:08 Town Watch
22:12 Loom
24:46 Hand Cart
24:55 Pikeman
26:03 Scale Barding Armor
26:09 Bloodlines
26:44 Forging
26:49 Husbandry
27:24 Chain Barding Armor
26:53 Light Cavalry
29:55 Manipur Cavalry
30:38 Iron Casting
30:07 Padded Archer Armor
34:14 Imperial Age
34:33 Coinage
35:08 Howdah
36:02 Parthian Tactics
36:15 Plate Barding Armor
35:35 Fletching
37:47 Conscription
38:33 Caravan
40:04 Blast Furnace
41:41 Hussar
45:33 Banking
47:10 Elite Battle Elephant
50:37 Guilds
52:27 Town Patrol
60:38 Siege Engineers
{WaZzU'P} Sr Gilmapi
1:40 Loom
12:52 Feudal Age
16:48 Castle Age
14:39 Double-Bit Axe
15:56 Horse Collar
16:34 Gold Mining
19:57 Wheelbarrow
20:15 Bow Saw
22:37 Stone Mining
27:42 Fletching
29:25 Bodkin Arrow
45:03 Imperial Age
43:19 Squires
44:15 Forging
46:24 Scale Mail Armor
The Toope
0:26 Loom
11:37 Feudal Age
19:31 Castle Age
18:50 Double-Bit Axe
18:47 Horse Collar
21:10 Bow Saw
22:59 Wheelbarrow
22:55 Heavy Plow
29:38 Imperial Age
27:22 Padded Archer Armor
28:24 Leather Archer Armor
30:33 Chemistry
30:09 Fletching
30:17 Elite Skirmisher
31:33 Ring Archer Armor
32:37 Ballistics
32:51 Bodkin Arrow
34:40 Caravan
36:39 Squires
35:59 Pikeman
36:41 Scale Mail Armor
38:01 Chain Mail Armor
38:35 Forging
39:55 Halberdier
42:14 Arson
44:26 Iron Casting
44:22 Plate Mail Armor
46:20 Hand Cart
46:53 Conscription
46:39 Wagenburg Tactics
46:54 Murder Holes
47:05 Siege Engineers
49:44 Scale Barding Armor
50:40 Blast Furnace
49:37 Houfnice
50:32 Husbandry
49:53 Light Cavalry
53:48 Chain Barding Armor
Mr. Snrub
0:26 Loom
11:40 Feudal Age
17:07 Castle Age
15:21 Horse Collar
16:11 Double-Bit Axe
18:32 Heavy Plow
19:45 Wheelbarrow
20:14 Bow Saw
23:03 Husbandry
26:38 Gold Mining
29:58 Fletching
30:09 Scale Mail Armor
30:19 Forging
31:55 Bodkin Arrow
37:11 Imperial Age
35:55 Squires
36:39 Elite Skirmisher
38:03 Crossbowman
39:54 Ballistics
39:59 Conscription
41:09 Bracer
41:44 Iron Casting
40:57 Treadmill Crane
42:07 Thumb Ring
43:47 Elite Fire Lancer
44:37 Pikeman
45:37 Scale Barding Armor
45:49 Chain Mail Armor
47:45 Caravan
49:28 Chemistry
47:58 Arbalester
49:44 Scale Barding Armor
50:13 Plate Mail Armor
56:19 Halberdier
Dradis
0:32 Loom
13:26 Feudal Age
18:46 Castle Age
22:54 Imperial Age
20:32 Double-Bit Axe
20:53 Horse Collar
28:07 Padded Archer Armor
37:54 Wheelbarrow
41:20 Leather Archer Armor
44:44 Caravan
48:32 Conscription
50:22 Ring Archer Armor
Connection lost

Rejoining the realm…

Still unreachable

The connection could not be restored.

Session expired

The server has moved on; the page needs a fresh start.